 Seeded DCSS version 0.29.1-1-gd02db6906a (webtiles) character file.

Game seed: 8800239265270809476 (custom seed)

92 GigaChad the Trooper (level 4, -3/42 HPs)
             Began as a Hill Orc Fighter on Sept 28, 2022.
             Was an Initiate of Ashenzari.
             Slain by an orc
             ... wielding a +0 flail
              (6 damage)
             ... on level 4 of the Dungeon.
             The game lasted 00:04:21 (2690 turns).

GigaChad the Trooper (Hill Orc Fighter)             Turns: 2690, Time: 00:04:22

Health: -3/42      AC:  8    Str: 20    XL:     4   Next: 60%
Magic:  4/4        EV:  9    Int:  8    God:    Ashenzari [......]
Gold:   102        SH:  4    Dex: 10    Spells: 3/3 levels left

rFire   . . .      SeeInvis .   a - +0 long sword
rCold   + . .      Faith    .   c - +0 buckler
rNeg    . . .      Spirit   .   b - +0 scale mail
rPois   +          Reflect  .   (no helmet)
rElec   .          Harm     .   (no cloak)
rCorr   .          Rampage  .   (no gloves)
Will    +....                   l - +0 pair of boots
Stlth   ..........              (no amulet)
HPRegen 0.14/turn               f - ring of Suspected Treachery {rPois rC+ Will+}
MPRegen 0.09/turn               (no ring)

@: no status effects
A: no striking features
a: Renounce Religion


You were on level 4 of the Dungeon.
You worshipped Ashenzari.
Ashenzari was noncommittal.
You visited 2 branches of the dungeon, and saw 5 of its levels.

You collected 102 gold pieces.

Inventory:

Hand Weapons
 a - a +0 long sword (weapon)
Missiles
 i - a throwing net
 p - 3 poisoned darts (quivered)
Armour
 b - a +0 scale mail (worn)
 c - a +0 buckler (worn)
 l - a +0 pair of boots (worn)
Jewellery
 f - the ring of Suspected Treachery (left hand) {rPois rC+ Will+}
   (You acquired it on level 1 of the Dungeon)

   [ring of willpower]

   rC:        It protects you from cold.
   rPois:     It protects you from poison.
   Will:      It increases your willpower.
Scrolls
 e - 2 scrolls of teleportation {unknown}
 h - a scroll of noise
 j - a scroll of enchant weapon {unknown}
 m - 2 scrolls of butterflies
 o - 2 scrolls of identify
 q - a scroll of vulnerability {unknown}
 r - a scroll of enchant armour {unknown}
Potions
 d - a potion of might
 g - a potion of invisibility {unknown}
 k - a potion of mutation {unknown}
 n - 3 potions of curing {unknown}


   Skills:
 + Level 5.3 Fighting
 - Level 2.6 Long Blades
 - Level 3.9 Armour
 - Level 3.5 Shields


You had 3 spell levels left.
You didn't know any spells.
Your spell library was empty.

Dungeon Overview and Level Annotations

Branches:
Dungeon (4/15)             Temple (1/1) D:4

Altars:
Ashenzari
Kikubaaqudgha
Vehumet
Yredelemnul
The Shining One


Message History

The hobgoblin zombie hits you but does no damage.
You miss the crimson imp.
The orc shouts!
The crimson imp hits you but does no damage. x2
The hobgoblin zombie hits you.
You barely miss the crimson imp.
The crimson imp blinks!
The hobgoblin zombie hits you.
You hit the hobgoblin zombie.
The hobgoblin zombie is severely damaged.
The orc hits you but does no damage.
A goblin skeleton comes into view.
The hobgoblin zombie barely misses you.
The hobgoblin zombie hits you but does no damage.
You barely miss the hobgoblin zombie.
The hobgoblin zombie is severely damaged.
The orc hits you with a +0 flail.
The hobgoblin zombie hits you but does no damage.
The orc hits you with a +0 flail.
You barely miss the crimson imp. The crimson imp completely misses you.
The orc closely misses you.
The hobgoblin zombie hits you but does no damage.
You miss the crimson imp. You block the crimson imp's attack.
The orc hits you with a +0 flail. The hobgoblin zombie barely misses you.
You miss the crimson imp. The orc completely misses you.
The crimson imp hits you. The hobgoblin zombie hits you.
The orc hits you with a +0 flail.
* * * LOW HITPOINT WARNING * * *
The crimson imp hits you but does no damage.
You slash the crimson imp!
The crimson imp is heavily wounded.
The crimson imp hits you.
* * * LOW HITPOINT WARNING * * *
The orc hits you with a +0 flail.
* * * LOW HITPOINT WARNING * * *
The hobgoblin zombie hits you.
* * * LOW HITPOINT WARNING * * *
The crimson imp attacks as you move away!
The crimson imp hits you but does no damage.
The orc hits you with a +0 flail.
You die...

#### # . .....# .. ...#.
#.# #.. #... #.#######
#.#' ##..# #..##...##
#.... ...# ###........##
#....Z##o.# .............
'.._.Z5.@.###..#.........
#.....Z#..##...........)#
#.....##..#.............#
#.#.#. #....#.........#.#
# # # #...#...........##
......#.........#...#
.......##.........#...
###..####......#####.>
#..# ##........#...


You could see a crimson imp, an orc, 2 hobgoblin zombies and a goblin skeleton.

Vanquished Creatures
  An adder (D:3)
  2 worms
  7 dart slugs
  5 orcs (D:3)
  4 ball pythons
  3 endoplasms
  2 giant cockroaches
  5 goblins
  4 hobgoblins
  3 jackals
  A kobold (D:1)
  5 quokkas
  2 bats
  3 frilled lizards
  3 hobgoblin zombies (D:4)
  A kobold skeleton (D:4)
  A kobold zombie (D:4)
  An orc skeleton (D:4)
  An orc zombie (D:4)
  2 rats (D:1)
56 creatures vanquished.

Vanquished Creatures (others)
  A plant (D:1)
1 creature vanquished.

Grand Total: 57 creatures vanquished

Notes
Turn   | Place    | Note
-------+----------+-------------------------------------------
     0 | D:1      | GigaChad the Hill Orc Fighter began the quest for the Orb.
     0 | D:1      | Reached XP level 1. HP: 19/19 MP: 1/1
    44 | D:1      | Identified a scroll of acquirement
    44 | D:1      | Acquired the ring of Suspected Treachery {rPois rC+ Will+}
   134 | D:1      | HP: 1/20 [rat (3)]
   767 | D:1      | Reached XP level 2. HP: 11/27 MP: 2/2
  1284 | D:1      | Reached XP level 3. HP: 22/33 MP: 3/3
  1602 | D:2      | Reached skill level 4 in Fighting
  1692 | D:2      | You fall into a shaft and drop 1 floor!
  1832 | D:3      | Reached XP level 4. HP: 21/41 MP: 4/4
  2174 | D:3      | Reached skill level 5 in Fighting
  2406 | D:4      | Found a staircase to the Ecumenical Temple.
  2416 | Temple   | Entered the Ecumenical Temple
  2467 | Temple   | Became a worshipper of Ashenzari the Shackled
  2655 | D:4      | Found a glowing golden altar of the Shining One.
  2690 | D:4      | Slain by an orc

Illustrated notes

Levels and vault maps discovered:
D:1:      minmay_arrival_widening_spiral_wide, layout_rooms,
          serial_bayou_pond_b, minmay_crystal_room, st_stairs_3
D:2:      layout_basic, hex_tiny, minmay_tetromino_o2
D:3:      layout_rooms, hellmonk_ecumenical_altar_inner_sanctum, st_stairs_8,
          grunt_ministairs_6
D:4:      layout_cave_pods, nicolae_tso_besieged_by_evil,
          minmay_temple_entry_arrows
Temple:   bh_familiar_temple

Skill      XL: |  1  2  3  4 |
---------------+-------------+-----
Fighting       | 4 5 |  5.3
Long Blades    | |  2.6
Armour         | |  3.9
Shields        | |  3.5

Action                   |  1- 3 |  4- 6 || total
-------------------------+-------+-------++-------
Melee: Long sword        |   111 |    92 ||   203
Throw: Throwing net      |       |     1 ||     1
  Use: Scroll            |     2 |     2 ||     4
Armor: Scale mail        |    82 |    79 ||   161
Dodge: Dodged            |    66 |    52 ||   118
Block: Buckler           |    29 |    16 ||    45
